 Dungeon Crawl Stone Soup version 0.18.1-48-g4cf74bf (webtiles) character file.

85 MBI the Skirmisher (level 4, -1/29 HPs)
             Began as a Gargoyle Fighter on July 5, 2016.
             Slain by Sigmund
             ... wielding a +4 antimagic scythe
              (4 damage)
             ... on level 2 of the Dungeon.
             The game lasted 00:07:17 (920 turns).

MBI the Skirmisher (Gargoyle Fighter)                Turns: 920, Time: 00:07:18

Health: -1/29      AC: 13    Str: 21    XL:     4   Next: 48%
Magic:  0/4        EV:  7    Int:  8    God:
Gold:   56         SH:  0    Dex:  9    Spells: 0 memorised, 3 levels left

rFire  . . .     SeeInvis .     p - +0 flail
rCold  . . .     Gourm    .     q - +0 scale mail
rNeg   + . .     Faith    .     c - +0 shield
rPois  ∞         Spirit   .     (no helmet)
rElec  +         Dismiss  .     h - +0 cloak
rCorr  .         Reflect  .     e - +0 pair of gloves
SustAt .         Harm     .     (no boots)
MR     .....                    (no amulet)
Stlth  ..........               (no ring)
                                (no ring)

@: confused, not resistant to hostile enchantments, extremely unstealthy
A: negative energy resistance 1, electricity resistance, unbreathing,
petrification resistance, rot immunity, AC +3
a: no special abilities


You were on level 2 of the Dungeon.
You were not hungry.

You visited 1 branch of the dungeon, and saw 2 of its levels.

You collected 56 gold pieces.

Inventory:

Hand Weapons
 a - a +0 flail
 i - a +0 dagger
 m - a +0 mace
 p - a +0 flail (weapon)
Armour
 b - a +0 scale mail
 c - a +0 shield (worn)
 e - a +0 pair of gloves (worn)
 h - a +0 cloak (worn)
 q - a +0 scale mail (worn)
Wands
 j - a wand of polymorph (8/24)
Scrolls
 k - 2 scrolls of teleportation {unknown}
 l - a scroll of remove curse {unknown}
 t - a scroll of enchant weapon {unknown}
 u - a scroll of fog {unknown}
 v - a scroll of noise {unknown}
Potions
 d - a potion of might
 g - 2 potions of curing {unknown}
 o - a potion of lignification {unknown}
 r - a potion of mutation {unknown}
 s - a potion of cure mutation {unknown}
Comestibles
 f - 2 bread rations
 n - a meat ration


   Skills:
 + Level 4.1 Fighting
 + Level 2.1 Maces & Flails
 + Level 4.1 Armour
 + Level 1.0 Dodging
 + Level 4.0 Shields


You had 3 spell levels left.
You didn't know any spells.

Dungeon Overview and Level Annotations

Branches:
Dungeon (2/15)

Altars:

Annotations:
D:2 Sigmund


Innate Abilities, Weirdness & Mutations

You are resistant to torment.
Your stone body is resilient (AC +3).
You are immune to poison.
You resist negative energy.
You are resistant to electric shocks.
You can survive without breathing.
You are immune to petrification.
You are immune to rotting.


Message History

You hit something but do no damage. Something hits you.
You miss something. Something hits you but does no damage.
Your shield prevents you from hitting something.
Something hits you!
You feel your power leaking away.
You miss something. Something hits you!
Your shield and scale mail prevent you from hitting something.
You hear some strange, mumbled words.
A puff of flame appears from out of thin air!
You block the puff of flame.
Your shield and scale mail prevent you from hitting something.
Something hits you.
* * * LOW HITPOINT WARNING * * *
Something hits you but does no damage.
A giant cockroach comes into view.
Found a club.
You hear some strange, mumbled words.
You are confused.
Something hits you.
You die...

..... .... ...
.) ######.
......#########
#...........
########.......#
......s.@......#
#.#####.#.#+#..#
#.#.# ..# #.#.#
.# #.#.# # .#
#.#.#.# #
#.#.#.# #.#...#
#.#...###.#


You could see a giant cockroach.

Vanquished Creatures
  Terence (D:2)
  Natasha (D:2)
  2 oozes (D:1)
  A dart slug (D:1)
  2 giant geckos
  2 giant cockroaches (D:1)
  4 hobgoblins
  3 kobolds
  2 quokkas (D:2)
  A bat (D:1)
  5 rats
24 creatures vanquished.

Notes
Turn   | Place    | Note
--------------------------------------------------------------
     0 | D:1      | MBI the Gargoyle Fighter began the quest for the Orb.
     0 | D:1      | Reached XP level 1. HP: 14/14 MP: 1/1
   166 | D:1      | Reached XP level 2. HP: 19/19 MP: 2/2
   472 | D:1      | Reached XP level 3. HP: 19/24 MP: 3/3
   620 | D:2      | Noticed Terence
   635 | D:2      | Killed Terence
   717 | D:2      | Reached XP level 4. HP: 26/29 MP: 4/4
   863 | D:2      | Noticed Natasha
   867 | D:2      | Killed Natasha
   867 | D:2      | Reached skill level 1 in Dodging
   896 | D:2      | Noticed Sigmund
   920 | D:2      | Slain by Sigmund

Skill      XL: |  1  2  3  4 |
---------------+-------------+-----
Fighting       | 4 |  4.1
Armour         | 4 |  4.1
Dodging        | 1 |  1.0
Shields        | 4 |  4.0
Maces & Flails | |  2.1

Action                   |  1- 3 |  4- 6 || total
-------------------------+-------+-------++-------
Melee: Flail             |    87 |    22 ||   109
Armor: Scale mail        |    38 |     9 ||    47
Dodge: Dodged            |    29 |     4 ||    33
Block: Shield            |    36 |     4 ||    40
